 Dungeon Crawl Stone Soup version 0.28-a0-10-g964c8b829e (webtiles) character file.

Game seed: 8981153501901855658

21 Sin92 the Skirmisher (level 2, -3/24 HPs)
             Began as a Demonspawn Fighter on July 25, 2021.
             Killed by nerve-wracking pain
             ... invoked by Jessica
              (13 damage)
             ... on level 2 of the Dungeon.
             The game lasted 00:00:56 (1320 turns).

Sin92 the Skirmisher (Demonspawn Fighter)           Turns: 1320, Time: 00:00:56

Health: -3/24      AC:  6    Str: 16    XL:     2   Next: 65%
Magic:  2/2        EV:  7    Int:  9    God:
Gold:   22         SH:  8    Dex: 12    Spells: 1/1 levels left

rFire   . . .      SeeInvis .   a - +0 flail
rCold   . . .      Faith    .   c - +0 kite shield
rNeg    . . .      Spirit   .   b - +0 scale mail
rPois   .          Reflect  .   (no helmet)
rElec   .          Harm     .   (no cloak)
rCorr   .          Rampage  .   (no gloves)
Will    .....                   (no boots)
Stlth   ..........              (no amulet)
HPRegen 0.08/turn               (no ring)
MPRegen 0.08/turn               (no ring)

@: no status effects
A: demonic magic 1
a: no special abilities


You were on level 2 of the Dungeon.
You visited 1 branch of the dungeon, and saw 2 of its levels.

You collected 22 gold pieces.

Inventory:

Hand Weapons
 a - a +0 flail (weapon)
Armour
 b - a +0 scale mail (worn)
 c - a +0 kite shield (worn)
Scrolls
 e - a scroll of magic mapping
Potions
 d - a potion of might
 g - a potion of attraction {unknown}


   Skills:
 + Level 3.2 Fighting
 * Level 2.2 Maces & Flails
 + Level 2.9 Armour
 + Level 0.5 Dodging
 + Level 2.8 Shields


You had one spell level left.
You didn't know any spells.
Your spell library was empty.

Dungeon Overview and Level Annotations

Branches:
Dungeon (2/15)

Altars:

Annotations:
D:2 Jessica


Innate Abilities, Weirdness & Mutations

Spells you cast may paralyse adjacent enemies.


Message History

Jessica shouts!
You hear a shout!
A bat comes into view.
Unknown command.
There are monsters nearby!
You hit Jessica.
Jessica is severely wounded.
Jessica hits you with a +0 dagger. You block Jessica's attack.
Unknown command.
There are monsters nearby!
You barely miss Jessica.
Jessica is severely wounded.
You block Jessica's attack.
Jessica grins evilly.
Jessica hits you with a +0 dagger.
Unknown command.
There are monsters nearby!
You barely miss Jessica.
Jessica is severely wounded.
Jessica hits you but does no damage.
Unknown command.
There are monsters nearby!
You hit Jessica but do no damage.
Jessica is heavily wounded.
Jessica hits you with a +0 dagger.
An endoplasm comes into view.
You block Jessica's attack.
Unknown command.
There are monsters nearby!
You hit Jessica.
Jessica is heavily wounded.
You block Jessica's attack.
Unknown command.
There are monsters nearby!
You barely miss Jessica.
Jessica is heavily wounded.
Jessica hits you with a +0 dagger. Jessica gestures at you while chanting.
Pain shoots through your body!
Ouch! That really hurt!
You die...

.....#
### .....
#..
.#.J##..
......#
.#.#..
#..b.
#.#@#
#<#@#
#...#
#.###
....
#......
#.......
#########


You could see Jessica, an endoplasm and a bat.

Vanquished Creatures
  A ball python (D:1)
  A giant cockroach (D:1)
  2 goblins (D:1)
  3 hobgoblins (D:1)
  3 jackals (D:1)
  3 kobolds (D:1)
  A bat (D:1)
  2 frilled lizards (D:1)
  4 rats (D:1)
20 creatures vanquished.

Notes
Turn   | Place    | Note
-------+----------+-------------------------------------------
     0 | D:1      | Sin92 the Demonspawn Fighter began the quest for the Orb.
     0 | D:1      | Reached XP level 1. HP: 18/18 MP: 1/1
   183 | D:1      | Gained mutation: Spells you cast may paralyse adjacent
                  | enemies. [demonic ancestry]
   183 | D:1      | Reached XP level 2. HP: 18/24 MP: 2/2
   265 | D:1      | Found a faded altar of an unknown god.
  1313 | D:2      | Noticed Jessica
  1320 | D:2      | Killed from afar by Jessica

Illustrated notes

Levels and vault maps discovered:
D:1:      sevenhm_arrival_forest_fort_large_2, layout_loops_cross,
          ebering_ecumenical_altar_petrified
D:2:      minmay_spotlight, layout_rooms, basic_altar,
          kennysheep_big_empty_room, uniq_terence, uniq_jessica

Skill      XL: |  1 |
---------------+----+-----
Maces & Flails | 2 |  2.2
Fighting       | |  3.2
Armour         | |  2.9
Dodging        | |  0.5
Shields        | |  2.8

Action                   || total
-------------------------++-------
Melee: Flail             ||    83
  Use: Scroll            ||     3
Armor: Scale mail        ||    35
Dodge: Dodged            ||    17
Block: Kite shield       ||    46

Table legend: (Time is in decaauts)
 A = Elapsed time spent in this place.
 B = Non-inter-level travel time spent in this place.
 C = Inter-level travel time spent in this place.
 D = Time resting spent in this place.
 E = Time spent auto-exploring this place.
 F = Levels seen in this place.
 G = Mean time per level.
                   A        B        C        D        E       F      G
               +--------+--------+--------+--------+--------+-----+--------+
         Total |   1364 |   1342 |     22 |    124 |   1036 |   2 |  682.0 |
       Dungeon |   1364 |   1342 |     22 |    124 |   1036 |   2 |  682.0 |
               +--------+--------+--------+--------+--------+-----+--------+

Top non-repeatable levels by time:
     D:1: 1352 daAuts
     D:2: 11 daAuts
